 Dungeon Sprint DCSS version 0.27-a0-808-g60bc5d92e6 (webtiles) character file.

Game seed: 14893249398846721527

240 mhtbhm the Cudgeller (level 5, -3/61 HPs)
             Began as a Troll Berserker on Mar 28, 2021.
             Was a Priest of Trog.
             Slain by a killer bee (6 damage)
             ... in the Dungeon (Sprint IV: "Fedhas' Mad Dash").
             The game lasted 00:01:34 (607 turns).

mhtbhm the Cudgeller (Troll Berserker)               Turns: 607, Time: 00:01:35

Health: -3/61      AC:  4    Str: 26    XL:     5   Next: 79%
Magic:  4/4        EV: 11    Int:  3    God:    Trog [***...]
Gold:   78         SH:  0    Dex:  9    Spells: 4/4 levels left

rFire    . . .     SeeInvis .   a - +0 mace
rCold    . . .     Faith    .   (no shield)
rNeg     . . .     Spirit   .   b - +0 animal skin
rPois    .         Reflect  .   (helmet restricted)
rElec    .         Harm     .   (no cloak)
rCorr    .         Rampage  .   (gloves unavailable)
Will     .....     NoTele   +   (boots unavailable)
Stlth    +.........             i - amulet of invisibility {+Inv}
HPRegen  1.20/turn              (no ring)
MPRegen  0.09/turn              (no ring)

@: lethally poisoned (-3 -> -5), berserk cooldown, very slightly contaminated,
hasted and slowed
A: large, unfitting armour, claws 3, regeneration 1, shaggy fur 1, tough skin 1
a: Renounce Religion, Evoke Invisibility, Berserk, Trog's Hand


You were in the Dungeon.
You worshipped Trog.
Trog was most pleased with you.
You visited 1 branch You collected 78 gold pieces.

Inventory:

Hand Weapons
 a - a +0 mace (weapon)
Armour
 b - a +0 animal skin (worn)
Jewellery
 i - the amulet of invisibility (around neck) {+Inv}
   (You found it in the Dungeon)

   [amulet of nothing]

   It lets you turn invisible.
Scrolls
 h - a scroll of blinking
Potions
 f - 2 potions of magic
 g - a potion of berserk rage


   Skills:
 + Level 6.4 Fighting
 + Level 7.1 Maces & Flails
 + Level 5.9 Dodging
 + Level 0.7 Evocations


You had 4 spell levels left.
You didn't know any spells.
Your spell library was empty.

Dungeon Overview and Level Annotations

Branches:
Dungeon (1/1)

Altars:
Cheibriados
Dithmenos
Elyvilon
Gozag
Hepliaklqana
Kikubaaqudgha
Makhleb
Nemelex Xobeh
Okawaru
Qazlal
Ru
Sif Muna
Trog
Uskayaw
Vehumet
Wu Jian
Xom
Yredelemnul
Zin
The Shining One
Beogh
Jiyva
Lugonu


Innate Abilities, Weirdness & Mutations

You are too large for most types of armour.
You have claws for hands.
Your natural rate of healing is unusually fast.
You are covered in fur. (AC +1)
You have tough skin. (AC +1)


Message History

You feel very sick. The killer bee stings you.
* * * LOW HITPOINT WARNING * * *
You are more poisoned.
The killer bee poisons you!
The queen bee calls on the killer bee to defend it!
The killer bee goes berserk!
The killer bee completely misses you.
Blink to where?
Press: ? - help, Dir - move target
As you read the scroll of blinking, it crumbles to dust.
* * * LOW HITPOINT WARNING * * *
You feel extremely sick.
Unknown command.
You feel better.
Unknown command.
Unknown command.
You feel much better. The killer bee barely misses you.
The killer bee stings you!
You are poisoned.
The killer bee poisons you! The killer bee completely misses you.
Unknown command.
Okay, then.
Okay, then.
Okay, then.
You feel as though your hastened speed will last longer.
You feel sick. The killer bee stings you!
* * * LOW HITPOINT WARNING * * *
You are more poisoned.
The killer bee poisons you!
The killer bee stings you but does no damage.
The killer bee stings you.
* * * LOW HITPOINT WARNING * * *
Unknown command.
You hit the killer bee but do no damage.
* * * LOW HITPOINT WARNING * * *
You feel very sick. The killer bee stings you.
* * * LOW HITPOINT WARNING * * *
The killer bee stings you.
You die...

###############################
#<..P#.....#.....#.⌠._._._._.⌠.
#PP..'÷....'.#...'.._._._._._..
#PPPP#.....#.#...#..._._._._...
###############'##.._._._._._..
♣...y...yy@..#._._._._._.⌠.
#...y..♣....y#...##############
#...y.♣..♣..######
##+####+#####


You could see a queen bee and 3 killer bees.

Vanquished Creatures
  A scorpion (D)
  A killer bee (D)
  4 oklob saplings (D)
  A river rat (D)
  A rat (D)
8 creatures vanquished.

Notes
Turn   | Place    | Note
-------+----------+-------------------------------------------
     0 | D        | mhtbhm the Troll Berserker began the quest for the Orb.
     0 | D        | Reached XP level 1. HP: 22/22 MP: 0/0
    10 | D        | Reached skill level 3 in Maces & Flails
    10 | D        | Reached XP level 2. HP: 31/31 MP: 1/1
   160 | D        | Noticed an oklob sapling
   161 | D        | Killed an oklob sapling
   161 | D        | Reached ** piety under Trog
   162 | D        | Reached skill level 4 in Maces & Flails
   162 | D        | Reached XP level 3. HP: 39/39 MP: 2/2
   207 | D        | Noticed a scorpion
   208 | D        | Found the amulet of invisibility {+Inv}
   212 | D        | Killed a scorpion
   213 | D        | Reached skill level 5 in Maces & Flails
   213 | D        | Reached XP level 4. HP: 49/49 MP: 3/3
   363 | D        | Reached skill level 5 in Fighting
   402 | D        | Found an opulent altar of Gozag.
   402 | D        | Found a hazy altar of Hepliaklqana.
   402 | D        | Found a burning altar of Makhleb.
   402 | D        | Found a sparkling altar of Nemelex Xobeh.
   402 | D        | Found a snail-covered altar of Cheibriados.
   402 | D        | Found a sacrificial altar of Ru.
   402 | D        | Found a shimmering blue altar of Sif Muna.
   402 | D        | Found a shimmering altar of Xom.
   402 | D        | Found a basalt altar of Yredelemnul.
   403 | D        | Found a viscous altar of Jiyva.
   403 | D        | Found a bloodstained altar of Trog.
   403 | D        | Found an ornate altar of the Wu Jian Council.
   404 | D        | Found an iron altar of Okawaru.
   404 | D        | Found a shadowy altar of Dithmenos.
   404 | D        | Found a glowing silver altar of Zin.
   405 | D        | Found an ancient bone altar of Kikubaaqudgha.
   405 | D        | Found a hide-covered altar of Uskayaw.
   406 | D        | Found a stormy altar of Qazlal.
   406 | D        | Found a white marble altar of Elyvilon.
   406 | D        | Found a glowing golden altar of the Shining One.
   407 | D        | Found a corrupted altar of Lugonu.
   407 | D        | Found a radiant altar of Vehumet.
   418 | D        | Reached skill level 6 in Maces & Flails
   418 | D        | Reached skill level 5 in Dodging
   418 | D        | Reached XP level 5. HP: 33/58 MP: 2/4
   494 | D        | Reached *** piety under Trog
   582 | D        | Noticed a queen bee
   595 | D        | Reached skill level 7 in Maces & Flails
   603 | D        | HP: 2/61 [poisoned by a killer bee]
   607 | D        | Slain by a killer bee

Illustrated notes

Levels and vault maps discovered:
D:        dungeon_sprint_fedhas [sprint_temple]

Skill      XL: |  1  2  3  4  5 |
---------------+----------------+-----
Fighting       | 3 4 5 6 |  6.4
Maces & Flails | 3 4 5 6 7 |  7.1
Dodging        | 3 4 5 |  5.9
Evocations     | |  0.7

Action                   |  1- 3 |  4- 6 || total
-------------------------+-------+-------++-------
Melee: Mace              |    10 |    25 ||    35
Invok: Berserk           |     3 |     4 ||     7
 Abil: Evoke Invisibilit |       |     2 ||     2
  Use: Potion            |       |     4 ||     4
       Scroll            |       |     1 ||     1
Armor: Animal skin       |       |     6 ||     6
Dodge: Dodged            |     5 |    12 ||    17

Table legend: (Time is in decaauts)
 A = Elapsed time spent in this place.
 B = Non-inter-level travel time spent in this place.
 C = Inter-level travel time spent in this place.
 D = Time resting spent in this place.
 E = Time spent auto-exploring this place.
 F = Levels seen in this place.
 G = Mean time per level.
                   A        B        C        D        E       F      G
               +--------+--------+--------+--------+--------+-----+--------+
         Total |    670 |    670 |      0 |    491 |      0 |   1 |  670.0 |
       Dungeon |    670 |    670 |      0 |    491 |      0 |   1 |  670.0 |
               +--------+--------+--------+--------+--------+-----+--------+

Top non-repeatable levels by time:
       D: 670 daAuts
